 Dungeon Sprint DCSS version 0.22-a0-422-g9628fc87f1 (webtiles) character file.

259 Denreik the Blocker (level 6, 0/51 (57) HPs)
             Began as a Formicid Fighter on May 19, 2018.
             Slain by a necrophage (3 damage)
             ... in the Dungeon (Sprint II: "The Violet Keep of Menkaure").
             The game lasted 00:00:40 (39 turns).

Denreik the Blocker (Formicid Fighter)                Turns: 39, Time: 00:00:40

HP:   0/51 (57)     AC:  6    Str: 23    XL:     6   Next: 40%
MP:   6/6           EV:  9    Int:  7    God:
Gold: 0             SH: 13    Dex: 10    Spells: 5/5 levels left

rFire    . . .     SeeInvis +   a - +0 quarterstaff
rCold    . . .     Gourm    .   c - +0 shield
rNeg     . . .     Faith    .   b - +0 scale mail
rPois    .         Spirit   .   (helmet unavailable)
rElec    .         Reflect  .   (no cloak)
rCorr    .         Harm     .   (no gloves)
MR       .....                  (no boots)
Stlth    ..........             (no amulet)
HPRegen  0.00/turn              (no ring)
MPRegen  0.10/turn              (no ring)

@: non-regenerating, diseased
A: permanent stasis, dig shafts and tunnels, four strong arms, antennae 3
a: Dig


You were in the Dungeon.
You were not hungry.

You visited 1 branch

Inventory:

Hand Weapons
 a - a +0 quarterstaff (weapon)
Armour
 b - a +0 scale mail (worn)
 c - a +0 shield (worn)
Scrolls
 k - a scroll of blinking
Potions
 d - a potion of might
 e - a potion of curing
 g - a potion of heal wounds
 h - a potion of haste
 i - 2 potions of magic
 j - a potion of berserk rage
Comestibles
 f - a ration


   Skills:
 * Level 8.6 Fighting
 - Level 2.0 Staves
 - Level 3.2 Armour
 - Level 12.1 Shields


You had 5 spell levels left.
You didn't know any spells.
Your spell library was empty.

Dungeon Overview and Level Annotations

Branches:
Dungeon (1/1)

Altars:


Innate Abilities, Weirdness & Mutations

You cannot be hasted, slowed, berserked, paralysed or teleported.
You can dig through walls and to a lower floor.
Your four strong arms can wield two-handed weapons with a shield.
You have a pair of large antennae on your head. (SInv)


Message History

You barely miss the necrophage.
The necrophage is moderately damaged.
The necrophage hits you.
* * * LOW HITPOINT WARNING * * *
You feel your flesh rotting away!
You thump the necrophage!
The necrophage is severely damaged.
You block the necrophage's attack.
You hit the necrophage.
The necrophage is severely damaged.
The necrophage hits you.
* * * LOW HITPOINT WARNING * * *
You feel ill.
You feel your flesh rotting away!
You hit the necrophage but do no damage.
The necrophage is severely damaged.
You block the necrophage's attack. x2
You hit the necrophage.
The necrophage is almost destroyed.
The necrophage hits you.
You die...

{ {## ##
{ ##.
.## ..
.. .#. #
{ #n# .#
{
##@##H#{
+.<.+# {
##.##H#
{ #+# .#
{ { # {
{{ {


You could see a necrophage.

Vanquished Creatures
  3 necrophages (D)
3 creatures vanquished.

Vanquished Creatures (others)
  Menkaure (D)
  A crocodile (D)
2 creatures vanquished.

Grand Total: 5 creatures vanquished

Notes
Turn   | Place    | Note
-------+----------+-------------------------------------------
     0 | D        | Denreik the Formicid Fighter began the quest for the Orb.
     0 | D        | Reached XP level 1. HP: 18/18 MP: 1/1
     1 | D        | Noticed a hippogriff
     1 | D        | Noticed a hippogriff
     5 | D        | Noticed a necrophage
     5 | D        | Noticed a necrophage
     5 | D        | Noticed a necrophage
     5 | D        | Noticed a necrophage
     9 | D        | Killed a crocodile
    19 | D        | Killed a necrophage
    19 | D        | Reached skill level 10 in Shields
    19 | D        | Reached XP level 2. HP: 11/23 MP: 2/2
    19 | D        | Reached XP level 3. HP: 13/28 MP: 3/3
    19 | D        | Reached XP level 4. HP: 16/34 MP: 4/4
    23 | D        | Killed a necrophage
    23 | D        | Reached skill level 11 in Shields
    23 | D        | Reached XP level 5. HP: 23/46 MP: 5/5
    32 | D        | Killed a necrophage
    32 | D        | Reached skill level 12 in Shields
    32 | D        | Reached XP level 6. HP: 11/54 MP: 6/6
    34 | D        | Killed Menkaure
    39 | D        | Slain by a necrophage

Vault maps used:
D:        the_violet_keep_of_menkaure

Skill      XL: |  1  2  3  4  5 |
---------------+----------------+-----
Shields        | 10 11 12 | 12.1
Fighting       | 6 8 |  8.6
Staves         | |  2.0
Armour         | |  3.2

Action                   |  1- 3 |  4- 6 || total
-------------------------+-------+-------++-------
Melee: Quarterstaff      |    12 |    20 ||    32
Armor: Scale mail        |     7 |     4 ||    11
Dodge: Dodged            |     2 |     2 ||     4
Block: Shield            |     1 |     8 ||     9

Table legend:
 A = Spawn XP
 B = Non-spawn XP
 C = Spawn XP percentage of total XP
 D = Spawn monster count
 E = Non-spawn monster count
 F = Spawn count percentage of total count
 G = Total turns spent on level
                    A         B        C        D         E        F      G
               +---------+---------+-------+---------+---------+-------+---------
         Total |       0 |     370 |   0.0 |       0 |       3 |   0.0 |    39
               +---------+---------+-------+---------+---------+-------+---------
             D |       0 |     370 |   0.0 |       0 |       3 |   0.0 |    39
               +---------+---------+-------+---------+---------+-------+---------
